 Dungeon Crawl Stone Soup version 0.14-a0-2759-g5bb4bfe (webtiles) character file.

2478 ManOfSteam the Ducker (level 9, -11/71 HPs)
             Began as a Demonspawn Chaos Knight on July 14, 2013.
             Was a Plaything of Xom.
             Mangled by Grum
             ... wielding a -1,-1 spear
              (14 damage)
             ... on Level 8 of the Dungeon on Feb 23, 2014.
             The game lasted 01:20:29 (6603 turns).

ManOfSteam the Ducker (Demonspawn Chaos Knight)     Turns: 6603, Time: 01:20:29

HP -11/71        AC  8     Str 14      XL: 9   Next:  4%
MP  12/12        EV 15     Int 15      God: Xom
Gold 430         SH  0     Dex 17      Spells:  1 memorised,  5 levels left

rFire  + . .     SeeInvis .     y - +3 quarterstaff (chaos)
rCold  + . .     Clarity  .     C - +1 leather armour "Xasiy" {+Rage Dex+2}
rNeg   . . .     Conserve .     (no shield)
rPois  +         rCorr    .     (no helmet)
rElec  +         rRot     .     z - +0 cloak
SustAb . .       Spirit   .     (no gloves)
rMut   .         Warding  .     (no boots)
Saprov . . .     Stasis   .     (no amulet)
MR     .....                    (no ring)
                                (no ring)

@: short of breath, not resistant to hostile enchantments, fairly stealthy
A: hooves 1, thin metallic scales 2, agile 1, breathe flames 1, demonic guardian
1, poison resistance, powered by death 2
a: Renounce Religion, Breathe Fire, Evoke Berserk Rage


You were on level 8 of the Dungeon.
You worshipped Xom.
You were a toy of Xom.
You were very full.

You visited 2 branches of the dungeon, and saw 9 of its levels.

You collected 422 gold pieces.
You spent 12 gold pieces at shops.

Inventory:

Hand weapons
 a - a +0,-3 spear of chaos {=f}
 r - a +1,+6 flail of protection
 y - a +3,+3 quarterstaff of chaos (weapon)
 D - a -1,+0 orcish dagger
 E - a cursed -2,-1 orcish hand axe
Missiles
 u - a throwing net [frayed]
 F - 7 poisoned needles (quivered)
Armour
 b - a +0 ring mail
 q - a +1 scale mail
 z - a +0 cloak (worn)
 C - the +1 leather armour "Xasiy" (worn) {+Rage Dex+2}
   (You found it on level 6 of the Dungeon)

   It affects your dexterity (+2).
   It lets you go berserk.
Magical devices
 p - a wand of flame (0)
 s - a wand of lightning (0)
 t - a wand of flame (4)
 B - a wand of lightning (4)
Comestibles
 c - 2 chokos
 d - 10 sultanas
 f - a meat ration
 n - 3 bread rations
 L - a pear
Scrolls
 e - 7 scrolls of identify
 h - 4 scrolls of remove curse
 j - a scroll of curse armour
 l - a scroll of magic mapping
 m - 6 scrolls of teleportation
 o - a scroll of immolation {unknown}
 H - a scroll of recharging {unknown}
 J - a scroll of random uselessness {unknown}
Jewellery
 v - an uncursed amulet of faith {unknown}
 w - an uncursed ring of protection from cold {unknown}
 A - an uncursed amulet of guardian spirit {unknown}
Potions
 i - a potion of brilliance
 G - a potion of poison
 I - a potion of resistance
Books
 k - a book of the Sky

   Spells                             Type                      Level
   *Flight                            Charms/Air                   3
   Airstrike                          Air                          4
   Silence                            Hexes/Air                    5
   Deflect Missiles                   Charms/Air                   6
   Conjure Ball Lightning             Conjuration/Air              6
   Tornado                            Air                          9


   Skills:
 * Level 5.3 Fighting
 + Level 0.1 Short Blades
 + Level 2.6 Maces & Flails
 + Level 4.7 Polearms
 * Level 5.0 Staves
 + Level 1.0 Throwing
 + Level 4.2 Armour
 + Level 6.0 Dodging
 + Level 2.4 Stealth
 + Level 2.1 Evocations


You had 5 spell levels left.
You knew the following spells:

 Your Spells              Type           Power        Failure   Level  Hunger
a - Flight                Chrm/Air       #.........   80%         3    ####...


Dungeon Overview and Level Annotations

Branches:
Dungeon (8/27)             Temple (1/1) D:6
   Lair: D:8-11

Altars:
Ashenzari
Cheibriados
Elyvilon
Fedhas
Kikubaaqudgha
Makhleb
Nemelex Xobeh
Okawaru
Sif Muna
Trog
Vehumet
Xom
Yredelemnul
Zin
The Shining One

Shops:
D:7 !

Annotations:
D:8 Grum


Innate Abilities, Weirdness & Mutations

You have large cloven feet.
You are mostly covered in thin metallic scales (AC +3).
A weak demonic guardian rushes to your aid.
You can steal the life force of defeated enemies.
You are agile. (Dex +2)
You can breathe flames.
Your system is resistant to poisons.


Message History

Eat which item? (? for menu, Esc to quit)
Okay, then.
Drink which item? (? for menu, Esc to quit)
Okay, then.
You offer a prayer to Xom.
You hear crickets chirping.
Grum is nearby!
Zapping:
s - a wand of lightning {zapped: 5}
Press: ? - help, Shift-Dir - straight line, f/p - Grum
Aim: Grum, wielding a spear and wearing an animal skin (lightly wounded) Nothing appears to happen.
That item cannot be evoked!
Your iron imp barely misses Grum.
Grum barely misses you.
Your iron imp closely misses Grum.
Grum hits you from afar with a spear!
* * * LOW HITPOINT WARNING * * *
Your iron imp hits Grum!
Grum hits you from afar with a spear.
* * * LOW HITPOINT WARNING * * *
Grum hits you from afar with a spear!
You die...
Xom chuckles heartily! #####.....# #.....# z z p

#.....# z
#.....# p
#.....# p
#.....#
#.....# o
#.....#
#..
#..5@.# z
.. z
####5##
##.##
#g###.h..#
#.z.{#
#####z..#
z####


You could see Grum, an orc zombie, a friendly iron imp and a friendly ufetubus.

Vanquished Creatures
  Joseph (D:7)
  Menkaure (D:5)
  A deep dwarf (D:6)
  A sky beast (D:7)
  2 centaurs
  Blork the orc (D:7)
  4 crimson imps
  2 iguanas
  2 orc wizards (D:6)
  A hound (D:4)
  2 worker ants
  A sky beast zombie (D:7)
  An ogre zombie (D:8)
  A jelly (D:7)
  A green rat (D:3)
  A removed MONS_LEMURE (D:7)
  8 adders
  2 big fish zombies (D:5)
  2 worms (D:2)
  A giant eyeball (D:5)
  A giant gecko (D:1)
  9 orcs
  9 bats
  3 giant cockroaches
  5 goblins
  10 hobgoblins
  9 jackals
  5 giant newts
  A goblin skeleton (D:4)
  15 kobolds
  An orc zombie (D:8)
  8 rats
  3 ballistomycetes (D:6)
115 creatures vanquished.

Vanquished Creatures (collateral kills)
  Edmund (D:7)
  An orc warrior (D:6)
  A sky beast (D:6)
  An ice beast (D:7)
  A centaur (D:7)
  A giant frog (D:7)
  A crimson imp (D:6)
  2 orc priests (D:6)
  2 orc wizards (D:6)
  Crazy Yiuf (D:4)
  A goliath beetle (D:7)
  A jelly (D:6)
  A scorpion zombie (D:3)
  A giant eyeball (D:6)
  6 orcs
  A bat (D:6)
  A hobgoblin (D:6)
  A kobold (D:6)
  A quokka (D:6)
26 creatures vanquished.

Vanquished Creatures (others)
  2 crimson imps
  8 iron imps
  A shadow imp (D:7)
  3 white imps
  4 ufetubi
  2 kobolds
  A giant spore (D:6)
  A kobold skeleton (D:7)
  An orc zombie (D:6)
23 creatures vanquished.

Grand Total: 164 creatures vanquished

Notes
Turn   | Place    | Note
--------------------------------------------------------------
     0 | D:1      | ManOfSteam, the Demonspawn Chaos Knight, began the quest for the Orb.
     0 | D:1      | Reached XP level 1. HP: 16/16 MP: 1/1
   102 | D:1      | XOM: harmless Conj miscast
   105 | D:1      | Reached skill level 1 in Dodging
   161 | D:1      | Noticed a centaur
   161 | D:1      | an ooze changed into a centaur
   162 | D:1      | XOM: potion effect (might)
   163 | D:1      | XOM: 1-stop teleportation journey
   170 | D:1      | Gained mutation: A weak demonic guardian rushes to your aid. [demonic ancestry]
   170 | D:1      | Reached XP level 2. HP: 17/22 MP: 2/2
   175 | D:1      | Killed a centaur
   175 | D:1      | Reached XP level 3. HP: 21/28 MP: 3/3
   175 | D:1      | Gained mutation: You are partially covered in thin metallic scales (AC +2). [demonic ancestry]
   175 | D:1      | Reached XP level 4. HP: 25/34 MP: 4/4
   363 | D:1      | Found a shimmering altar of Xom.
   945 | D:2      | Reached skill level 4 in Fighting
  1149 | D:2      | XOM: scenery: 1 doors close
  1573 | D:3      | Gained mutation: You are mostly covered in thin metallic scales (AC +3). [demonic ancestry]
  1573 | D:3      | Reached XP level 5. HP: 38/40 MP: 5/5
  1670 | D:3      | XOM: divination: magic mapping
  2058 | D:3      | XOM: god gift: 60 gold pieces
  2124 | D:3      | XOM: enchant monster (good)
  2139 | D:3      | XOM: polymorph something unseen -> green rat
  2328 | D:3      | XOM: cast spell 'Summon Horrible Things'
  2508 | D:4      | Reached skill level 1 in Stealth
  2811 | D:4      | Noticed Crazy Yiuf
  2821 | D:4      | Killed Crazy Yiuf
  2873 | D:4      | Gained mutation: You can steal the life force of nearby defeated enemies. [demonic ancestry]
  2873 | D:4      | Reached XP level 6. HP: 32/47 MP: 4/6
  2898 | D:4      | Reached skill level 1 in Staves
  3118 | D:5      | Entered Level 5 of the Dungeon
  3156 | D:5      | Learned a level 3 spell: Flight
  3513 | D:5      | Found a basalt altar of Yredelemnul.
  3575 | D:5      | Paralysed by a giant eyeball for 4 turns
  3642 | D:5      | XOM: enchant monster (good)
  3663 | D:5      | XOM: enchant monster (bad)
  3728 | D:5      | XOM: god gift: 20 gold pieces
  3741 | D:5      | XOM: divination: detect items
  3871 | D:5      | Noticed Menkaure
  3879 | D:5      | Killed Menkaure
  3879 | D:5      | Reached skill level 1 in Evocations
  3915 | D:5      | Found a shimmering altar of Xom.
  3916 | D:5      | Found a glowing golden altar of the Shining One.
  4178 | D:6      | Reached XP level 7. HP: 23/52 MP: 8/8
  4218 | D:6      | XOM: mild Hex miscast
  4242 | D:6      | XOM: give mutations
  4242 | D:6      | Gained mutation: Your system is resistant to poisons. [Xom's grace]
  4242 | D:6      | Gained mutation: You are agile. (Dex +2) [Xom's grace]
  4383 | D:6      | Found a staircase to the Ecumenical Temple.
  4392 | Temple   | Entered the Ecumenical Temple
  4497 | Temple   | XOM: god gift: ring mail {god gift}
  4862 | D:6      | XOM: give mutation
  4862 | D:6      | Gained mutation: You can breathe flames. [Xom's grace]
  4924 | D:6      | XOM: confuse monster(s)
  5218 | D:6      | Got a brightly glowing leather armour
  5229 | D:6      | Identified the +1 leather armour "Xasiy" {+Rage Dex+2} (You found it on level 6 of the Dungeon)
  5261 | D:6      | XOM: harmless Pois miscast
  5452 | D:6      | Gained mutation: You have large cloven feet. [demonic ancestry]
  5452 | D:6      | Reached XP level 8. HP: 41/59 MP: 10/10
  5538 | D:6      | Found a sparkling altar of Nemelex Xobeh.
  5600 | D:7      | XOM: mild Ice miscast
  5602 | D:7      | Noticed Edmund
  5608 | D:7      | XOM: summons 8 friendly demons
  5626 | D:7      | Killed Edmund
  5695 | D:7      | Reached skill level 1 in Throwing
  5738 | D:7      | XOM: colour smoke trail
  5854 | D:7      | Found Ryamoiz's Distillery.
  5884 | D:7      | Reached skill level 1 in Maces & Flails
  5893 | D:7      | Bought a potion of blood for 12 gold pieces
  5894 | D:7      | Upgraded the game from 0.13-a0-2382-gbc6a47d to 0.14-a0-2759-g5bb4bfe
  5913 | D:7      | Reached skill level 5 in Dodging
  5942 | D:7      | Noticed Blork the orc
  5943 | D:7      | XOM: enchant monster (good)
  5964 | D:7      | Killed Blork the orc
  5972 | D:7      | Reached skill level 5 in Fighting
  6165 | D:7      | Noticed Joseph
  6182 | D:7      | Killed Joseph
  6182 | D:7      | Reached skill level 5 in Staves
  6182 | D:7      | Gained mutation: You can steal the life force of defeated enemies. [demonic ancestry]
  6182 | D:7      | Reached XP level 9. HP: 4/71 MP: 12/12
  6394 | D:7      | XOM: cast spell 'Flight'
  6461 | D:7      | XOM: harmless Hex miscast
  6574 | D:8      | Noticed Grum
  6578 | D:8      | Reached skill level 6 in Dodging
  6587 | D:8      | XOM: divination: detect creatures
  6589 | D:8      | XOM: harmless Conj miscast
  6602 | D:8      | HP: 3/71 [Grum/spear (2)]
  6603 | D:8      | Mangled by Grum

Action                   |  1- 3 |  4- 6 |  7- 9 || total
-------------------------+-------+-------+-------++-------
Melee: Spear             |    36 |   248 |   151 ||   435
       Quarterstaff      |       |    15 |    46 ||    61
       Short sword       |       |     1 |       ||     1
       Flail             |       |       |    55 ||    55
Throw: Throwing net      |       |     3 |     1 ||     4
       Dagger            |       |       |     1 ||     1
       Hand axe          |       |       |     1 ||     1
 Abil: Breathe Fire      |       |       |     6 ||     6
       Evoke Berserk Rag |       |       |     1 ||     1
Evoke: Wand              |       |    15 |     4 ||    19
  Use: Scroll            |     3 |    17 |     4 ||    24
       Potion            |     1 |     5 |     9 ||    15
 Stab: Paralysed         |       |     5 |     1 ||     6
       Confused          |       |     1 |       ||     1
       Petrifying        |       |     1 |       ||     1
       Petrified         |       |     1 |     1 ||     2
